 Dungeon Crawl Stone Soup version 0.30-a0-358-g0d69a1922f (webtiles) character file.

Game seed: 7388931970548122220

63 IdlyInterested the Slasher (level 3, -1/27 HPs)
             Began as a Demonspawn Wanderer on Nov 9, 2022.
             Slain by purpskrrrp's ghost (11 damage)
             ... on level 4 of the Dungeon on Nov 10, 2022.
             The game lasted 00:13:25 (3240 turns).

IdlyInterested the Slasher (Demonspawn Wanderer)    Turns: 3240, Time: 00:13:25

Health: -1/27      AC:  9    Str: 15    XL:     3   Next: 87%
Magic:  12/12      EV:  7    Int:  9    God:
Gold:   68         SH:  0    Dex: 15    Spells: 2/2 levels left

rFire   . . .      SeeInvis .    p - +6 double sword (drain)
rCold   . . .      Faith    .    (no shield)
rNeg    . . .      Spirit   .    r - +0 chain mail
rPois   .          Reflect  .    (no helmet)
rElec   .          Harm     .    (no cloak)
rCorr   .          Rampage  .    (no gloves)
Will    .....                    c - +0 pair of boots
Stlth   ..........               (no amulet)
HPRegen 0.24/turn                f - ring of magical power
MPRegen 0.13/turn                o - ring of flight

@: flying
A: ignite blood 2
a: no special abilities


You were on level 4 of the Dungeon.
You visited 1 branch of the dungeon, and saw 4 of its levels.

You collected 320 gold pieces.
You spent 252 gold pieces at shops.

Inventory:

Hand Weapons
 b - a +0 falchion
 p - a +6 double sword of draining (weapon)
 w - a +0 scimitar
 x - a +4 dagger
 y - a +0 long sword
Missiles
 a - a boomerang
 h - 2 atropa-tipped darts
 i - 33 stones (quivered)
 k - a throwing net
 z - 2 poisoned darts
Armour
 c - a +0 pair of boots (worn)
 e - a +0 leather armour
 j - a +0 ring mail
 r - a +0 chain mail (worn)
Magical Staves
 v - a staff of conjuration
Jewellery
 f - a ring of magical power (left hand)
 o - a ring of flight (right hand)
Wands
 t - a wand of iceblast (9)
Scrolls
 A - a scroll of blinking {unknown}
 B - a scroll of enchant armour {unknown}
Potions
 d - 3 potions of curing
 g - a potion of mutation
 l - 2 potions of ambrosia
 m - a potion of might {unknown}
 n - 2 potions of heal wounds
 q - a potion of attraction
 s - a potion of berserk rage {unknown}
 u - a potion of haste
 C - a potion of resistance {unknown}


   Skills:
 + Level 2.1 Fighting
 * Level 3.7 Long Blades
 - Level 2.6 Axes
 - Level 1.0 Throwing
 * Level 1.5 Armour
 - Level 2.0 Dodging
 - Level 1.0 Stealth


You had 2 spell levels left.
You didn't know any spells.
Your spell library contained the following spells:

 Spells                   Type           Power      Damage    Failure   Level
 Gell's Gravitas          Tloc           0%         N/A       100%        3
 Teleport Other           Tloc           0%         N/A       100%        3
 Dispersal                Tloc           0%         N/A       100%        6


Dungeon Overview and Level Annotations

Branches:
Dungeon (4/15)
 Temple: D:4-7

Altars:
Trog

Shops:
D:1 !   D:3 =

Annotations:
D:4 purpskrrrp's ghost, amateur MiFi


Innate Abilities, Weirdness & Mutations

Your demonic aura often causes spilled blood to erupt in flames.


Message History

Press: ? - help, Q - select action, (/) - cycle Shift-Dir - straight line, f/p - kobold
Aim: a kobold, wielding a +0 dagger (51% to hit)
You throw a stone. The stone closely misses the kobold.
You slash the kobold!
You kill the kobold!
Found an inky potion.
C - a scroll of enchant weapon
Things that are here:
a +0 dagger; a kobold corpse
As you read the scroll of enchant weapon, it crumbles to dust.
Your +5 double sword of draining glows red for a moment.
Found a bloodstained altar of Trog.
d - 3 potions of curing (gained 1)
C - an inky potion
Found a whip.
You see here a +0 whip.
Found a runed translucent door.
Purpskrrrp's ghost turns its malevolent gaze towards you.
Found a leather armour.
A goblin comes into view. It is wielding a +0 club.
You hit the goblin.
You kill the goblin!
You hear a splash.
Found a stone staircase leading down.
There is a stone staircase leading down here.
There is a stone staircase leading up here.
i - 33 stones (gained 2)
There is a bloodstained altar of Trog here.
Purpskrrrp's ghost turns its malevolent gaze towards you.
You reach down and open the door.
You slash purpskrrrp's ghost!
Purpskrrrp's ghost is moderately damaged.
Purpskrrrp's ghost hits you but does no damage.
You closely miss purpskrrrp's ghost.
Purpskrrrp's ghost is moderately damaged.
Purpskrrrp's ghost hits you!
You closely miss purpskrrrp's ghost.
Purpskrrrp's ghost is moderately damaged.
Purpskrrrp's ghost hits you. Purpskrrrp's ghost hits you!
You die...

#.# #.## #.# #..##
#####.######..##
#....)..........
##.###.#########.
##......#########.
##..###............
#...# ##[#######.>.
#.@.# #.# #.##
##W## #.## #.#.
#.~.# #..######...
#.~.# ##.#........
#.~.# #<..####...
#.~.# #....# #...
#.".# ###..###)..
##### ###.....)..
#....<##)..


You could see purpskrrrp's ghost.

Vanquished Creatures
  A dart slug (D:3)
  3 orcs (D:4)
  4 endoplasms (D:1)
  2 giant cockroaches (D:2)
  12 goblins
  7 hobgoblins
  2 jackals (D:1)
  4 quokkas
  6 ball pythons
  A bat (D:2)
  3 frilled lizards (D:1)
  3 kobolds
  A rat (D:1)
49 creatures vanquished.

Vanquished Creatures (others)
  5 toadstools (D:1)
5 creatures vanquished.

Grand Total: 54 creatures vanquished

Notes
Turn   | Place    | Note
-------+----------+-------------------------------------------
     0 | D:1      | IdlyInterested the Demonspawn Wanderer began the quest for
                  | the Orb.
     0 | D:1      | IdlyInterested set off with the following items: a +2 hand
                  | axe, a +0 falchion, a +0 pair of boots, a potion of curing,
                  | a +0 leather armour.
     0 | D:1      | Reached XP level 1. HP: 13/13 MP: 1/1
    64 | D:1      | Reached skill level 1 in Fighting
    68 | D:1      | Gained mutation: Your demonic aura sometimes causes spilled
                  | blood to erupt in flames. [demonic ancestry]
    68 | D:1      | Reached XP level 2. HP: 17/21 MP: 2/2
   276 | D:1      | Found Emaam's Distillery.
   338 | D:1      | Reached skill level 1 in Stealth
   589 | D:1      | Gained mutation: Your demonic aura often causes spilled
                  | blood to erupt in flames. [demonic ancestry]
   589 | D:1      | Reached XP level 3. HP: 21/27 MP: 3/3
  1141 | D:2      | Reached skill level 1 in Throwing
  1976 | D:3      | Identified a scroll of acquirement
  1976 | D:3      | Acquired a +3 double sword of draining
  2386 | D:3      | Found Vakistat's Jewellery Boutique.
  2474 | D:1      | Bought a potion of ambrosia for 96 gold pieces
  2474 | D:1      | Bought a potion of mutation for 96 gold pieces
  2474 | D:1      | Bought a potion of heal wounds for 60 gold pieces
  2907 | D:4      | Found a bloodstained altar of Trog.
  2931 | D:4      | Found a runed translucent door.
  2934 | D:4      | Noticed purpskrrrp's ghost (amateur MiFi)
  3240 | D:4      | Slain by purpskrrrp's ghost

Illustrated notes

Levels and vault maps discovered:
D:1:      ldierk_walled_garden, layout_basic, serial_shops,
          nicolae_shop_hallway_plus, nrook_campfire, grunt_decor_mini_mirrors,
          serial_bayou_pond_e, hangedman_glass_teeth
D:2:      layout_basic, dreamdust_wishing_well
D:3:      layout_basic, serial_shops, shop, hangedman_decor_clover_reticule
D:4:      layout_rooms, mainiacjoe_overflow_chevrons, serial_bayou,
          serial_bayou_lake_a, serial_bayou_pond_a, serial_bayou_shore_a,
          serial_bayou_pond_a, ebering_ghost_reflecting_pool

Skill      XL: |  1  2  3 |
---------------+----------+-----
Dodging        | 2 |  2.0
Fighting       | 1 2 |  2.1
Stealth        | 1 |  1.0
Throwing       | 1 |  1.0
Long Blades    | |  3.7
Axes           | |  2.6
Armour         | |  1.5

Action                   || total
-------------------------++-------
Melee: Hand axe          ||    87
       Double sword      ||    26
       Punch             ||     1
Throw: Stone             ||     5
  Use: Scroll            ||    10
       Potion            ||     1
 Stab: Distracted        ||     1
Armor: Leather armour    ||    25
       Chain mail        ||    22
       Ring mail         ||     1
Dodge: Dodged            ||    56

Table legend: (Time is in decaauts)
 A = Elapsed time spent in this place.
 B = Non-inter-level travel time spent in this place.
 C = Inter-level travel time spent in this place.
 D = Time resting spent in this place.
 E = Time spent auto-exploring this place.
 F = Levels seen in this place.
 G = Mean time per level.
                   A        B        C        D        E       F      G
               +--------+--------+--------+--------+--------+-----+--------+
         Total |   3267 |   2670 |    597 |     58 |   1955 |   4 |  816.8 |
       Dungeon |   3267 |   2670 |    597 |     58 |   1955 |   4 |  816.8 |
               +--------+--------+--------+--------+--------+-----+--------+

Top non-repeatable levels by time:
     D:1: 1224 daAuts
     D:2: 898 daAuts
     D:3: 601 daAuts
     D:4: 542 daAuts
